 Dungeon Crawl Stone Soup version 0.30.0-5-g1a98f26d00 (webtiles) character file.

Game seed: 1619772980379616666

47591 Jarnaxa the Fencer (level 14, -3/129 HPs)
             Began as a Hill Orc Monk on May 11, 2023.
             Was the Champion of the Shining One.
             Splashed by a brown ugly thing's acid (6 damage)
             ... on level 13 of the Dungeon.
             The game lasted 00:39:26 (19319 turns).

Jarnaxa the Fencer (Hill Orc Monk)                 Turns: 19319, Time: 00:39:28

Health: -3/129     AC: 19    Str: 16    XL:     14   Next: 42%
Magic:  22/23      EV:  9    Int: 10    God:    the Shining One [******]
Gold:   1340       SH: 11    Dex: 15    Spells: 13/13 levels left

rFire   . . .        t - +1 great sword (elec)
rCold   . . .        (shield currently unavailable)
rNeg    + + +        N - +18 Lear's hauberk
rPois   +            (helmet currently unavailable)
rElec   .            e - +0 cloak
rCorr   .            (gloves currently unavailable)
SInv    .            (boots currently unavailable)
Will    +....        L - amulet of faith Stlth
                     D - ring of Ciomne Diolo {rPois Str-3 Dex+2 Slay+6 Stlth+}
HPRegen 0.41/turn    r - +4 ring of protection
MPRegen 0.18/turn

%: faith
@: divinely shielded, corroded, glowing, studying Summonings
A: no striking features
a: Renounce Religion, Divine Shield, Cleansing Flame, Summon Divine Warrior,
Brand Weapon With Holy Wrath


You were on level 13 of the Dungeon.
You worshipped the Shining One.
The Shining One was exalted by your worship.
You visited 4 branches of the dungeon, and saw 20 of its levels.

You collected 1507 gold pieces.
You spent 167 gold pieces at shops.

Inventory:

Hand Weapons
 t - a +1 great sword of electrocution (weapon)
 C - a +0 arbalest
Armour
 d - an orb of light
 e - a +0 cloak (worn)
 N - the +18 Lear's hauberk (worn)
   (You acquired it on level 11 of the Dungeon)
 T - a +1 pair of gloves of stealth
Jewellery
 b - the amulet of Lirow {RegenMP Int+3 Dex+5}
   (You found it on level 11 of the Dungeon)

   [amulet of magic regeneration]

   It increases your rate of magic regeneration.
   Int:       It affects your intelligence (+3).
   Dex:       It affects your dexterity (+5).
 h - a ring of fire
 i - a ring of protection from cold
 r - a +4 ring of protection (right hand)
 v - a +4 ring of slaying
 w - a ring of willpower
 y - a ring of protection from cold
 z - a ring of willpower
 A - a ring of positive energy
 B - a +6 ring of dexterity
 D - the ring of Ciomne Diolo (left hand) {rPois Str-3 Dex+2 Slay+6 Stlth+}
   (You found it on level 8 of the Dungeon)

   [ring of poison resistance]

   Str:       It affects your strength (-3).
   Dex:       It affects your dexterity (+2).
   Slay:      It affects your accuracy & damage with ranged weapons and melee
   (+6).
   rPois:     It protects you from poison.
   Stlth:     It makes you more stealthy.
 F - the ring of Mifieff {rElec rN+ Will+}
   (You found it on level 7 of the Dungeon)

   [ring of willpower]

   rElec:     It insulates you from electricity.
   rN:        It protects you from negative energy.
   Will:      It increases your willpower.
 L - an amulet of faith (around neck)
Wands
 m - a wand of polymorph (7)
 x - a wand of light (11)
 E - a wand of mindburst (65)
 G - a wand of iceblast (14)
 P - a wand of flame (13)
 Q - a wand of paralysis (4)
Scrolls
 a - 4 scrolls of amnesia
 j - 3 scrolls of fog
 l - 6 scrolls of immolation
 o - 3 scrolls of identify
 q - 11 scrolls of teleportation
 u - a scroll of magic mapping
 J - 3 scrolls of blinking
 K - 2 scrolls of fear
 R - 3 scrolls of poison
Potions
 c - 3 potions of ambrosia
 f - 2 potions of attraction
 g - a potion of cancellation
 k - 4 potions of haste
 n - a potion of mutation
 p - 5 potions of brilliance
 s - 3 potions of lignification
 H - a potion of berserk rage
 I - a potion of heal wounds
 M - 4 potions of curing
 O - 3 potions of resistance
 S - a potion of flight


   Skills:
 + Level 13.1 Fighting
 + Level 18.4 Long Blades
 + Level 11.2 Armour
 + Level 4.1 Dodging
 + Level 1.2 Stealth
 + Level 1.6 Shields
 + Level 0.6 Unarmed Combat
 * Level 12.7 Invocations


You had 13 spell levels left.
You didn't know any spells.
Your spell library contained the following spells:

 Spells                   Type           Power      Damage    Failure   Level
 Foxfire                  Conj/Fire      0%         2x1d4     95%         1
 Magic Dart               Conj           0%         1d3       95%         1
 Shock                    Conj/Air       0%         1d3       95%         1
 Searing Ray              Conj           0%         2d4       99%         2
 Swiftness                Air            0%         N/A       100%        3
 Tukima's Dance           Hex            0%         N/A       100%        3
 Airstrike                Air            0%         2d(0-16)  100%        4
 Fulminant Prism          Conj/Hex       0%         3d5       100%        4
 Passage of Golubria      Tloc           0%         N/A       100%        4
 Petrify                  Tmut/Erth      0%         N/A       100%        4
 Summon Lightning Spire   Summ/Air       0%         N/A       100%        4
 Fireball                 Conj/Fire      0%         3d3       100%        5
 Metabolic Englaciation   Hex/Ice        0%         N/A       100%        5
 Summon Forest            Summ/Tloc      0%         N/A       100%        5
 Summon Mana Viper        Hex/Summ       0%         N/A       100%        5
 Yara's Violent Unravell  Hex/Tmut       0%         3d3       100%        5
 Plasma Beam              Fire/Air       0%         2x1d11    100%        6
 Starburst                Conj/Fire      0%         6d3       100%        6
 Statue Form              Tmut/Erth      0%         N/A       100%        6
 Summon Cactus Giant      Summ           0%         N/A       100%        6
 Storm Form               Tmut/Air       0%         N/A       100%        7
 Maxwell's Capacitive Co  Air            0%         ∞         100%        8


Dungeon Overview and Level Annotations

Branches:
Dungeon (14/15)            Temple (1/1) D:4            Lair (4/5) D:11
 Shoals (0/4) Lair:2       Spider (0/4) Lair:3        Slime (0/5) Lair:4
    Orc (1/2) D:12
 Vaults: D:13-14

Altars:
Ashenzari
Cheibriados
Dithmenos
Elyvilon
Fedhas
Gozag
Hepliaklqana
Kikubaaqudgha
Makhleb
Nemelex Xobeh
Okawaru
Qazlal
Ru
Sif Muna
Trog
Uskayaw
Vehumet
Wu Jian
Xom
Yredelemnul
Zin
The Shining One
Jiyva

Shops:
D:1 =   D:8 !([[:

Annotations:
D:7 2 transporters, dogaso222's ghost, novice MfRe
D:8 4 transporters


Message History

The vampire mosquito bites you but does no damage.
The vampire mosquito completely misses you.
The brown ugly thing basks in the mutagenic energy from its kin and changes!
You block the vampire mosquito's attack.
The brown ugly thing completely misses you.
You block the vampire mosquito's attack.
The brown ugly thing gores you but does no damage.
You climb upwards.
There is a stone staircase leading down here.
You slash the brown ugly thing!
The brown ugly thing is moderately wounded.
You block the vampire mosquito's attack.
You block the brown ugly thing's attack.
The brown ugly thing tentacle-slaps you.
The acid corrodes you!
You are splashed with acid!
The brown ugly thing closely misses you.
The vampire mosquito bites you but does no damage.
You hit the brown ugly thing but do no damage.
The brown ugly thing is moderately wounded.
The vampire mosquito bites you but does no damage.
The white ugly thing stings you! The white ugly thing freezes you!!
* * * LOW HITPOINT WARNING * * *
The brown ugly thing kicks you but does no damage.
You block the brown ugly thing's attack.
The brown ugly thing gores you but does no damage.
You feel much better.
The vampire mosquito bites you but does no damage.
You block the vampire mosquito's attack.
The white ugly thing stings you. The white ugly thing freezes you!!
* * * LOW HITPOINT WARNING * * *
The brown ugly thing barely misses you.
The brown ugly thing closely misses you.
The brown ugly thing gores you but does no damage.
Blink to where?
Press: ? - help, Q - select action, (/) - cycle Dir - move target
As you read the scroll of blinking, it crumbles to dust.
The brown ugly thing kicks you.
* * * LOW HITPOINT WARNING * * *
You are splashed with acid.
You die...

## .# ########### .#
#.........# .#########
#.........# .'.......#####
#uu.......#
.#######.....#####§........#
.# #####....@uuy.......# .#
#######.........# ##
##'######## #.# #.# #.# #.#
############ #.#
###..........# ##.######


You could see 3 ugly things and a vampire mosquito.

Vanquished Creatures
  Kirke (D:12)
  Snorg (D:13)
  Josephine (D:11)
  2 hydras
  A centaur warrior (D:13)
  A boulder beetle (Lair:3)
  3 catoblepae
  4 two-headed ogres
  2 tengu warriors (D:13)
  5 death yaks (Lair:3)
  Nergalle (D:12)
  A lindwurm (Lair:3)
  2 ugly things
  An orc knight (Orc:1)
  An orc sorcerer (Orc:1)
  A cyclops (D:13)
  3 black mambas
  A water nymph (Lair:2)
  9 elephants
  6 cane toads
  A torpor snail (Lair:3)
  An unseen horror (D:12)
  3 kobold demonologists (D:11)
  Psyche (D:10)
  2 rime drakes
  9 komodo dragons
  A tengu conjurer (D:13)
  A hornet (Lair:3)
  6 trolls
  15 blink frogs
  Prince Ribbit (D:7)
  2 slime creatures (Lair:4)
  4 wraiths (D:11)
  6 wyverns
  29 yaks
  2 hogs (D:12)
  5 basilisks
  8 vampire mosquitoes
  2 steam dragons
  2 wargs (Orc:1)
  The ghost of happy the Grave Robber, an amateur OpWn (D:3)
  16 water moccasins
  A swamp drake (D:11)
  An ice beast (D:6)
  5 orc warriors
  2 black bears
  A sky beast (D:7)
  6 ogres
  14 wolves
  A phantom (D:6)
  12 centaurs
  3 kobold brigands
  10 bullfrogs
  A gnoll sergeant (D:12)
  6 scorpions
  11 killer bees
  3 howler monkeys
  11 orc priests
  4 jellies
  6 hounds
  2 iguanas
  Natasha (thrice) (D:2)
  A sleepcap (D:7)
  14 orc wizards
  13 gnolls
  6 adders
  A white imp (D:5)
  6 worms
  A dart slug (D:3)
  47 orcs
  10 ball pythons
  6 bats
  5 endoplasms
  7 giant cockroaches
  7 goblins
  2 hobgoblins
  11 jackals
  21 kobolds
  5 quokkas
  6 frilled lizards
  4 rats
441 creatures vanquished.

Notes
Turn   | Place    | Note
-------+----------+-------------------------------------------
     0 | D:1      | Jarnaxa the Hill Orc Monk began the quest for the Orb.
     0 | D:1      | Reached XP level 1. HP: 19/19 MP: 1/1
    94 | D:1      | Found Xiatz's Jewellery Boutique.
   323 | D:1      | Reached XP level 2. HP: 18/27 MP: 2/2
  1240 | D:2      | Noticed Natasha
  1255 | D:2      | HP: 1/27 [Natasha (1)]
  1256 | D:2      | Killed Natasha
  1257 | D:2      | Reached skill level 4 in Long Blades
  1257 | D:2      | Reached XP level 3. HP: 2/34 MP: 3/3
  1467 | D:2      | Noticed Natasha
  1482 | D:2      | Killed Natasha
  1483 | D:2      | Reached skill level 1 in Armour
  1483 | D:2      | Reached XP level 4. HP: 17/41 MP: 4/4
  1684 | D:2      | Noticed Natasha
  1723 | D:2      | Killed Natasha
  1724 | D:2      | Reached XP level 5. HP: 47/47 MP: 5/5
  2377 | D:3      | Reached skill level 5 in Long Blades
  2515 | D:3      | Found a faded altar of an unknown god.
  2567 | D:3      | Noticed an ogre
  2577 | D:3      | Killed an ogre
  2578 | D:3      | Reached XP level 6. HP: 13/53 MP: 6/6
  2806 | D:3      | Found a transporter.
  2931 | D:3      | Reached skill level 6 in Long Blades
  3022 | D:3      | Found a transporter.
  3260 | D:4      | Found a staircase to the Ecumenical Temple.
  3280 | D:4      | Reached skill level 5 in Fighting
  3480 | Temple   | Entered the Ecumenical Temple
  3529 | Temple   | Became a worshipper of the Shining One
  3529 | Temple   | Reached * piety under the Shining One
  3529 | Temple   | Reached ** piety under the Shining One
  3703 | D:4      | Reached XP level 7. HP: 53/61 MP: 7/7
  3780 | D:4      | Reached skill level 7 in Long Blades
  4217 | D:5      | Entered Level 5 of the Dungeon
  4537 | D:5      | Reached skill level 8 in Long Blades
  4768 | D:5      | Reached XP level 8. HP: 64/69 MP: 8/8
  5092 | D:6      | Found an ornate altar of the Wu Jian Council.
  5124 | D:6      | Reached skill level 9 in Long Blades
  5154 | D:6      | Reached skill level 5 in Armour
  6213 | D:7      | Reached XP level 9. HP: 74/78 MP: 9/9
  6232 | D:7      | Found a transporter.
  6239 | D:7      | Found a transporter.
  6245 | D:7      | Noticed Prince Ribbit
  6246 | D:7      | Noticed a troll
  6249 | D:7      | Noticed dogaso222's ghost (novice MfRe)
  6250 | D:7      | Reached *** piety under the Shining One
  6288 | D:7      | Killed Prince Ribbit
  6289 | D:7      | Reached skill level 10 in Long Blades
  6373 | D:3      | Noticed happy's ghost (amateur OpWn)
  6392 | D:3      | Killed happy's ghost
  7082 | D:7      | Noticed a brown ugly thing
  7314 | D:7      | Identified the ring of Mifieff {rElec rN+ Will+}
  7677 | D:8      | Reached skill level 1 in Invocations
  7709 | D:8      | Found Woymm's Antique Armour Shop.
  7745 | D:8      | Noticed a two-headed ogre
  7755 | D:8      | Killed a two-headed ogre
  7756 | D:8      | Reached skill level 11 in Long Blades
  7756 | D:8      | Reached skill level 1 in Stealth
  7756 | D:8      | Found Teakir's Weapon Shop.
  7895 | D:8      | Found Foocitwe's Book Shop.
  7901 | D:8      | Found Umaagrat's Armour Shop.
  7909 | D:8      | Bought a +0 great sword for 97 gold pieces
  7940 | D:8      | Identified the ring of Ciomne Diolo {rPois Str-3 Dex+2
                  | Slay+6 Stlth+}
  8043 | D:8      | Reached XP level 10. HP: 51/88 MP: 12/12
  8317 | D:8      | Found a transporter.
  8319 | D:8      | Found a transporter.
  8323 | D:8      | Found a transporter.
  8351 | D:8      | Found a transporter.
  8396 | D:8      | Found Faninem's Distillery.
  8416 | D:8      | Bought a potion of heal wounds for 70 gold pieces
  8628 | D:8      | Found a burning altar of Makhleb.
  9051 | D:9      | Reached skill level 12 in Long Blades
  9085 | D:9      | Noticed a two-headed ogre
  9101 | D:9      | Killed a two-headed ogre
  9102 | D:9      | Reached skill level 5 in Invocations
  9552 | D:10     | Entered Level 10 of the Dungeon
  9600 | D:10     | Noticed Psyche
  9617 | D:10     | Killed Psyche
  9785 | D:10     | Noticed a green ugly thing
  9805 | D:10     | Killed a green ugly thing
  9806 | D:10     | Reached skill level 13 in Long Blades
  9806 | D:10     | Reached XP level 11. HP: 89/95 MP: 15/15
 10145 | D:11     | Identified a scroll of acquirement
 10145 | D:11     | Acquired the +18 Lear's hauberk
 10145 | D:11     | Found the +18 Lear's hauberk
 10189 | D:11     | Noticed a sun demon
 10207 | D:11     | Reached **** piety under the Shining One
 10381 | D:11     | Noticed a two-headed ogre
 10390 | D:11     | Killed a two-headed ogre
 10536 | D:11     | Reached skill level 14 in Long Blades
 10540 | D:11     | Identified the amulet of Lirow {RegenMP Int+3 Dex+5}
 10796 | D:11     | Noticed Josephine
 10818 | D:11     | Killed Josephine
 10818 | D:11     | Reached ***** piety under the Shining One
 10819 | D:11     | Reached skill level 10 in Fighting
 11361 | D:11     | Found a staircase to the Lair.
 11566 | D:12     | Found a staircase to the Orcish Mines.
 11585 | D:12     | Reached XP level 12. HP: 94/106 MP: 18/18
 11773 | D:12     | Noticed Nergalle
 11785 | D:12     | Killed Nergalle
 11925 | D:12     | Reached skill level 15 in Long Blades
 12098 | D:12     | Found a blossoming altar of Fedhas.
 12168 | D:12     | Noticed Kirke
 12191 | D:12     | Killed Kirke
 12422 | Orc:1    | Entered Level 1 of the Orcish Mines
 12437 | Orc:1    | Noticed a two-headed ogre
 12451 | Orc:1    | Killed a two-headed ogre
 13119 | Lair:1   | Entered Level 1 of the Lair of Beasts
 13500 | Lair:1   | Reached skill level 16 in Long Blades
 13829 | Lair:1   | Reached skill level 10 in Invocations
 13926 | Lair:1   | Reached XP level 13. HP: 116/116 MP: 20/20
 14415 | Lair:2   | Reached skill level 10 in Armour
 15350 | Lair:3   | Reached skill level 17 in Long Blades
 15358 | Lair:3   | Found a hole to the Spider Nest.
 15602 | Lair:3   | Reached skill level 1 in Shields
 16915 | Lair:4   | Found a viscous altar of Jiyva.
 16920 | Lair:4   | Reached XP level 14. HP: 117/127 MP: 23/23
 16963 | Lair:4   | Reached skill level 18 in Long Blades
 17162 | Lair:4   | Found a staircase to the Slime Pits.
 19021 | D:13     | Noticed Snorg
 19025 | D:13     | Killed Snorg
 19306 | D:14     | Reached ****** piety under the Shining One
 19319 | D:13     | HP: 3/129 [brown ugly thing (5)]
 19319 | D:13     | Splashed by a brown ugly thing's acid

Illustrated notes

Levels and vault maps discovered:
D:1:      wander_arrival_estate, layout_basic, serial_shops, shop
D:2:      layout_loops_ring, uniq_natasha
D:3:      layout_basic, hellmonk_ecumenical_altar_crossroads,
          gammafunk_ghost_gnarly_gnolls, st_stairs_10
D:4:      layout_rooms, minmay_temple_entry_grid, hangedman_decor_lopped
D:5:      layout_gridville
D:6:      layout_layer_cave, nicolae_wu_jian_wuxing_cycle
D:7:      layout_basic, nzn_ghost_randoct, uniq_prince_ribbit1
D:8:      layout_loops_ring, nicolae_overflow_hidden_temple, serial_shops, shop,
          minmay_shop_grid_forest, corexii_hall_statues_x,
          hangedman_decor_riveting, nicolae_transporter_circle
D:9:      layout_cave_pools
D:10:     layout_basic, uniq_psyche
D:11:     layout_basic, erik_lair_dragon, gauntlet_entry_generic,
          serial_bayou_crossing, uniq_josephine
D:12:     layout_long_grid, orc_0_dummy, fedhas_altar_3, uniq_kirke,
          uniq_nergalle
D:13:     layout_roguey, uniq_snorg
D:14:     layout_small_grid, skrybe_vaults_entry_preservation,
          eino_house_with_fridge
Temple:   nicolae_temple_bog_church
Lair:1:   layout_long_grid, beast_lair_carwin_7, grunt_megastairs_1
Lair:2:   layout_hall_layers, nicolae_shoals_entry_flooding
Lair:3:   layout_hall_layers, nicolae_spider_entry_non_spiders
Lair:4:   layout_cellular_growth, minmay_slime_entry_pillars, wad_woods_road_05
Orc:1:    layout_caves

Skill      XL: |  1  2  3  4  5  6  7  8  9 10 11 12 13 14 |
---------------+-------------------------------------------+-----
Fighting       | 4 5 6 7 8 10 11 12 13 | 13.1
Long Blades    | 4 5 6 8 9 11 13 14 16 17 18 | 18.4
Armour         | 1 2 3 5 6 8 9 10 11 | 11.2
Dodging        | 3 4 |  4.1
Invocations    | 3 6 8 10 12 | 12.7
Stealth        | 1 |  1.2
Shields        | 1 |  1.6
Unarmed Combat | |  0.6

Action                     |  1- 3 |  4- 6 |  7- 9 | 10-12 | 13-15 || total
---------------------------+-------+-------+-------+-------+-------++-------
  Melee: Falchion          |    95 |   194 |   156 |       |       ||   445
         Long sword        |       |       |   138 |       |       ||   138
         Great sword       |       |       |    13 |   489 |   358 ||   860
         Unarmed           |       |       |       |     6 |       ||     6
 Invoke: Divine Shield     |       |       |       |     1 |     3 ||     4
         Cleansing Flame   |       |       |       |       |     3 ||     3
    Use: Scroll            |       |    11 |     8 |     3 |     4 ||    26
         Potion            |       |     1 |     1 |     5 |     3 ||    10
 Armour: Robe              |    22 |       |       |       |       ||    22
         Plate armour      |    64 |   124 |   274 |   112 |       ||   574
         Skin              |       |     5 |       |       |       ||     5
         Chain mail        |       |       |       |   366 |   382 ||   748
  Dodge: Dodged            |    51 |    54 |   102 |   281 |   184 ||   672
  Block: Other             |       |       |       |     2 |    31 ||    33
